 Dungeon Crawl Stone Soup version 0.31-a0-175-g9f7f995f2b (webtiles) character file.

Game seed: 10510041820114885391

329 qw the Shooter (level 6, -13/38 HPs)
             Began as a Gargoyle Hunter on June 17, 2023.
             Mangled by an ogre
             ... wielding a +0 giant club
              (25 damage)
             ... on level 4 of the Dungeon.
             The game lasted 00:00:59 (2265 turns).

qw the Shooter (Gargoyle Hunter)                    Turns: 2265, Time: 00:00:59

Health: -13/38     AC:  9    Str: 14    XL:     6   Next: 51%
Magic:  6/6        EV: 11    Int: 10    God:
Gold:   184        SH:  0    Dex: 15    Spells: 5/5 levels left

rFire   + . .        Y - +0 shortbow (freeze)
rCold   + . .        (shield currently unavailable)
rNeg    + + .        k - +1 leather armour {rN+}
rPois   inf          i - +1 hat
rElec   +            (no cloak)
rCorr   .            (no gloves)
SInv    .            (no boots)
Will    .....        (no amulet)
Stlth   ++           l - ring of protection from fire
HPRegen 0.26/turn    (no ring)
MPRegen 0.10/turn

%: no passive effects
@: no status effects
A: sickness immunity, AC +4, negative energy resistance 1, electricity
resistance, torment resistance 1, petrification resistance, cold resistance 1,
screaming 1
a: no special abilities


You were on level 4 of the Dungeon.
You visited 1 branch of the dungeon, and saw 4 of its levels.

You collected 184 gold pieces.


Innate Abilities, Weirdness & Mutations

You are immune to sickness and miasma.
Your stone body is resilient. (AC +4)
You are immune to poison.
You resist negative energy. (rN+)
You are resistant to electric shocks. (rElec)
You are resistant to unholy torment.
You are immune to petrification.
Your flesh is cold resistant. (rC+)
You occasionally shout uncontrollably at your foes.


   Skills:
 - Level 4.1 Fighting
 + Level 6.7 Ranged Weapons
 - Level 1.0 Armour
 - Level 1.5 Dodging
 - Level 1.1 Stealth


You had 5 spell levels left.
You didn't know any spells.
Your spell library was empty.

Inventory:

Hand Weapons
 Y - a +0 shortbow of freezing (weapon)
Armour
 i - a +1 hat (worn)
 k - a +1 leather armour of positive energy (worn)
Jewellery
 l - a ring of protection from fire (left hand)
Scrolls
 e - a scroll of identify
Potions
 a - a potion of cancellation
 b - a potion of magic
 c - a potion of enlightenment {unknown}
 d - 2 potions of haste
 f - a potion of lignification {unknown}
 g - 2 potions of curing
 h - a potion of invisibility {unknown}
 j - a potion of mutation
 n - a potion of resistance {unknown}

Dungeon Overview and Level Annotations

Branches:
Dungeon (4/15)             Temple (0/1) D:4

Altars:
The Shining One

Annotations:
D:3 1 runed translucent door, Crazy Yiuf


Message History

The scorpion is almost dead.
The scorpion barely misses you.
You shoot an arrow. The arrow barely misses the scorpion.
The scorpion stings you. The scorpion misses you.
An ogre comes into view. It is wielding a +0 giant club.
You shoot an arrow. The arrow closely misses the scorpion.
The scorpion stings you but does no damage.
You shoot an arrow. The arrow closely misses the scorpion.
The scorpion closely misses you.
You shoot an arrow.
The arrow hits the scorpion but does no damage.
The scorpion is severely wounded.
The scorpion closely misses you. x2
You shoot an arrow.
The arrow hits the scorpion but does no damage.
The scorpion is severely wounded.
The scorpion stings you.
You shoot an arrow. The arrow closely misses the scorpion.
The scorpion stings you. The scorpion misses you.
You shoot an arrow.
The arrow completely misses the scorpion.
The scorpion stings you but does no damage.
You shoot an arrow. The arrow hits the scorpion.
The arrow freezes the scorpion.
You kill the scorpion!
The ogre hits you with a +0 giant club.
You shoot an arrow. The arrow hits the ogre.
The arrow freezes the ogre.
The ogre is moderately wounded.
The ogre misses you.
You shoot an arrow. The arrow hits the ogre.
The arrow freezes the ogre.
The ogre is moderately wounded.
You shoot an arrow. The arrow completely misses the ogre.
The ogre hits you with a +0 giant club!
You shoot an arrow.
The arrow hits the ogre but does no damage.
The ogre is moderately wounded.
The ogre misses you.
You shoot an arrow. The arrow completely misses the ogre.
The ogre hits you with a +0 giant club!!
Ouch! That really hurt!
You die...

#..#...#
#..###.#
... #.##
#..# ##.#
###.# #...#
#.#.# #@###
#..O..#
#.....#
#.....#
'..>..'
.#.....#.
.##.....#.#
#. #.....#
#


You could see an ogre.

Vanquished Creatures
  A scorpion (D:4)
  An orc priest (D:3)
  Jessica (D:2)
  Natasha (thrice) (D:2)
  An orc wizard (D:3)
  An iguana (D:4)
  2 adders (D:3)
  2 worms
  4 dart slugs
  5 orcs (D:3)
  4 ball pythons
  6 endoplasms
  3 giant cockroaches (D:1)
  3 hobgoblins
  A kobold (D:1)
  3 quokkas
  A bat (D:3)
  4 frilled lizards
  5 goblins
  7 rats
58 creatures vanquished.

Notes
Turn   | Place    | Note
-------+----------+-------------------------------------------
     0 | D:1      | qw the Gargoyle Hunter began the quest for the Orb.
     0 | D:1      | Reached XP level 1. HP: 12/12 MP: 1/1
     0 | D:1      | 0 ||| qw: Version: 0.3-a-3-g30531e4
     0 | D:1      | 0 ||| qw: Game counter: 420
     0 | D:1      | 0 ||| qw: Always use a shield: true
     0 | D:1      | 0 ||| qw: God list: Okawaru
     0 | D:1      | 0 ||| qw: Allow faded altars: false
     0 | D:1      | 0 ||| qw: Do Orc after D:15 true
     0 | D:1      | 0 ||| qw: Do second Lair branch before Depths: true
     0 | D:1      | 0 ||| qw: Lair rune preference: random
     0 | D:1      | 0 ||| qw: Plans: Normal, Zot:1-4, Slime:5, God:TSO, Crypt,
                  | Tomb, Abyss, Pan, Hells, Win
     0 | D:1      | 0 ||| PLANNING D:1-11
   236 | D:1      | Reached XP level 2. HP: 6/17 MP: 2/2
   544 | D:1      | 544 ||| READING scroll labelled DELLUBL JUNAPS.
   545 | D:1      | 545 ||| READING scroll labelled IBEXOO WUBE.
   546 | D:1      | 546 ||| DROPPING scroll of butterflies.
   607 | D:2      | Reached XP level 3. HP: 21/21 MP: 3/3
   621 | D:2      | Found a glowing golden altar of the Shining One.
   659 | D:2      | Noticed Natasha
   665 | D:2      | Killed Natasha
   666 | D:2      | Reached skill level 5 in Ranged Weapons
   803 | D:2      | Noticed Natasha
   807 | D:2      | Killed Natasha
   808 | D:2      | Reached skill level 3 in Fighting
   808 | D:2      | Reached XP level 4. HP: 26/28 MP: 4/4
   951 | D:2      | Noticed Natasha
   955 | D:2      | Killed Natasha
  1077 | D:2      | Noticed Jessica
  1080 | D:2      | Killed Jessica
  1081 | D:2      | Reached skill level 6 in Ranged Weapons
  1081 | D:2      | Reached XP level 5. HP: 32/32 MP: 5/5
  1160 | D:2      | 1160 ||| UPGRADING to +0 ring mail.
  1170 | D:2      | 1170 ||| DROPPING +0 leather armour.
  1171 | D:2      | 1171 ||| UPGRADING to +1 hat.
  1176 | D:2      | 1176 ||| UPGRADING to ring of protection from fire.
  1177 | D:2      | 1177 ||| READING scroll labelled JIOD MAXEAW.
  1178 | D:2      | 1178 ||| DRINKING 3 coppery potions.
  1179 | D:2      | 1179 ||| DRINKING 2 murky pink potions.
  1179 | D:2      | Gained mutation: You occasionally shout uncontrollably at
                  | your foes. [potion of mutation]
  1179 | D:2      | Gained mutation: Your flesh is cold resistant. (rC+)
                  | [potion of mutation]
  1180 | D:2      | 1180 ||| READING 2 scrolls of identify.
  1180 | D:2      | 1180 ||| IDENTIFYING smoky pink potion
  1260 | D:3      | Reached skill level 1 in Armour
  1744 | D:3      | Reached XP level 6. HP: 38/38 MP: 6/6
  1949 | D:3      | Found a runed translucent door.
  1950 | D:3      | Noticed Crazy Yiuf
  2085 | D:3      | 2085 ||| UPGRADING to +1 leather armour of positive energy.
  2095 | D:3      | 2095 ||| DROPPING +0 ring mail.
  2096 | D:3      | 2096 ||| READING scroll labelled MASOMO HUIF.
  2097 | D:3      | 2097 ||| READING scroll labelled NUACWO VAYXKI.
  2098 | D:3      | 2098 ||| DRINKING 2 dark potions.
  2099 | D:3      | 2099 ||| DRINKING 2 smoky sapphire potions.
  2184 | D:4      | 2184 ||| FLEEEEING.
  2249 | D:4      | Found a staircase to the Ecumenical Temple.
  2250 | D:4      | 2250 ||| PLANNING TEMPLE
  2265 | D:4      | Mangled by an ogre

Levels and vault maps discovered:
D:1:      psy_arrival_heroes, layout_rooms, minivault_19
D:2:      layout_loops_cross, basic_altar, nicolae_kite_square_tiling_tiny,
          uniq_jessica, uniq_natasha
D:3:      layout_loops_ring, uniq_crazy_yiuf_cottage
D:4:      layout_basic, temple_green, uniq_ijyb, uniq_grinder, uniq_pikel

Skill      XL: |  1  2  3  4  5 |
---------------+----------------+-----
Ranged Weapons | 5 6 |  6.7
Fighting       | 3 4 |  4.1
Armour         | 1 |  1.0
Dodging        | |  1.5
Stealth        | |  1.1

Action                     |  1- 3 |  4- 6 || total
---------------------------+-------+-------++-------
   Fire: Shortbow          |    76 |   163 ||   239
    Use: Scroll            |     2 |     4 ||     6
         Potion            |       |     4 ||     4
 Armour: Leather armour    |     7 |     6 ||    13
         Ring mail         |       |    45 ||    45
  Dodge: Dodged            |    10 |    35 ||    45

Table legend:
 A = Non-vault XP
 B = Vault XP
 C = Vault XP percentage of total XP
 D = Non-vault monster count
 E = Vault monster count
 F = Vault count percentage of total count
                 A         B        C        D         E       F
            +---------+---------+-------+---------+---------+-------
      Total |     398 |      73 |  15.5 |      56 |       2 |   3.4
            +---------+---------+-------+---------+---------+-------
        D:1 |      27 |       0 |   0.0 |      16 |       0 |   0.0
        D:2 |      90 |      73 |  44.8 |      11 |       2 |  15.4
        D:3 |     146 |       0 |   0.0 |      24 |       0 |   0.0
        D:4 |     135 |       0 |   0.0 |       5 |       0 |   0.0
            +---------+---------+-------+---------+---------+-------
